 Dungeon Crawl Stone Soup version 0.28.0-49-g6dfe1f597d (webtiles) character file.

Game seed: 4052972401163019447

37181 Zeld the Severer (level 13, -8/130 HPs)
             Began as a Minotaur Berserker on May 19, 2022.
             Was an Elder of Trog.
             Mangled by a cyan ugly thing (17 damage)
             ... on level 14 of the Dungeon.
             The game lasted 00:17:16 (21819 turns).

Zeld the Severer (Minotaur Berserker)              Turns: 21819, Time: 00:17:17

Health: -8/130     AC: 18    Str: 26    XL:     13   Next: 57%
Magic:  12/12      EV: 11    Int:  4    God:    Trog [****..]
Gold:   1023       SH:  0    Dex: 11    Spells: 12/12 levels left

rFire   . . .      SeeInvis .   a - +4 broad axe (drain)
rCold   . . .      Faith    .   (no shield)
rNeg    . . .      Spirit   .   H - +0 plate armour
rPois   +          Reflect  .   (helmet restricted)
rElec   .          Harm     .   v - +0 cloak {rPois}
rCorr   .          Rampage  .   f - +0 pair of gloves
Will    .....                   (no boots)
Stlth   ..........              (no amulet)
HPRegen 0.31/turn               (no ring)
MPRegen 0.13/turn               (no ring)

@: on berserk cooldown, slowed, very slow
A: horns 2, retaliatory headbutt
a: Renounce Religion, Berserk, Trog's Hand, Brothers in Arms


You were on level 14 of the Dungeon.
You worshipped Trog.
Trog was greatly pleased with you.
You visited 2 branches of the dungeon, and saw 15 of its levels.
You also visited: Gauntlet.

You collected 1023 gold pieces.

Inventory:

Hand Weapons
 a - a +4 broad axe of draining (weapon)
 j - a +0 battleaxe
 q - the +11 whip "Ogre's Curse" {vamp, rElec Str+4 Int+4}
   (You found it on level 4 of the Dungeon)

   It occasionally heals its wielder for a portion of the damage dealt when it
   wounds a living foe.
   Str:       It affects your strength (+4).
   Int:       It affects your intelligence (+4).
   rElec:     It insulates you from electricity.
Armour
 f - a +0 pair of gloves (worn)
 v - a +0 cloak of poison resistance (worn)
 H - a +0 plate armour (worn)
Wands
 r - a wand of paralysis (15)
 t - a wand of mindburst (25)
 w - a wand of flame (20)
 y - a wand of acid (6)
 B - a wand of digging (5)
 F - a wand of iceblast (6)
 G - a wand of polymorph (9)
Scrolls
 e - a scroll of torment {unknown}
 g - 10 scrolls of teleportation
 l - a scroll of magic mapping
 m - 5 scrolls of blinking
 n - a scroll of fear
 A - a scroll of summoning {unknown}
 D - a scroll of enchant armour
 E - 4 scrolls of silence {unknown}
Potions
 b - 5 potions of ambrosia
 c - a potion of berserk rage
 d - 5 potions of haste
 h - 7 potions of curing
 i - 2 potions of flight
 k - a potion of lignification {unknown}
 o - 8 potions of degeneration {unknown}
 p - 5 potions of mutation {unknown}
 s - a potion of resistance
 x - a potion of brilliance {unknown}
 z - 3 potions of attraction {unknown}
 C - a potion of heal wounds {unknown}
 I - a potion of cancellation {unknown}
Miscellaneous
 u - a piece from Xom's chessboard (15/15)


   Skills:
 * Level 16.5 Fighting
 * Level 16.5 Axes
 + Level 11.8 Armour
 + Level 10.9 Dodging


You had 12 spell levels left.
You didn't know any spells.
Your spell library was empty.

Dungeon Overview and Level Annotations

Branches:
Dungeon (14/15)            Temple (1/1) D:4            Lair (0/6) D:11
    Orc (0/2) D:12         Vaults (0/5) D:13        Gauntlet (visited)

Altars:
Ashenzari
Cheibriados
Dithmenos
Elyvilon
Fedhas
Gozag
Hepliaklqana
Kikubaaqudgha
Makhleb
Nemelex Xobeh
Okawaru
Qazlal
Ru
Sif Muna
Trog
Uskayaw
Vehumet
Wu Jian
Xom
Yredelemnul
Zin
The Shining One
Beogh

Shops:
D:3 :   D:7 :   D:14 =

Annotations:
D:8 1 runed translucent door


Innate Abilities, Weirdness & Mutations

You have a pair of horns on your head.
You reflexively headbutt those who attack you in melee.


Message History

Your black bear claws the red ugly thing but does no damage.
Your black bear completely misses the red ugly thing.
Your black bear claws the red ugly thing.
Your black bear barely misses the red ugly thing.
Your black bear closely misses the red ugly thing.
Your black bear claws the red ugly thing. x2
Your black bear bites the red ugly thing!
Your black bear claws the red ugly thing.
Your black bear closely misses the red ugly thing.
The red ugly thing claws your black bear.
Your black bear is engulfed in flames!
The red ugly thing basks in the mutagenic energy from its kin and changes!
Your black bear bites the red ugly thing.
Your black bear claws the red ugly thing.
The red ugly thing dies!
Trog accepts your kill.
You see here 15 stones.
Your black bear bites the cyan ugly thing.
Your black bear claws the cyan ugly thing. x2
Your black bear bites the cyan ugly thing but does no damage.
Your black bear claws the cyan ugly thing.
Your black bear closely misses the cyan ugly thing.
The cyan ugly thing gores your black bear!
Your black bear dies!
Your black bear's corpse disappears in a puff of smoke!
The cyan ugly thing gurgles horribly!
There is an open door here.
The red ugly thing basks in the mutagenic energy from its kin and changes!
You fail to use your ability.
Okay, then.
There is an open door here.
You close the door.
A cyan ugly thing opens the door.
Okay, then.
As you read the scroll of fear, it crumbles to dust.
You assume a fearsome visage.
The cyan ugly thing looks frightened! x2
The cyan ugly thing gurgles horribly!
The cyan ugly thing easily resists.
The cyan ugly thing gores you.
* * * LOW HITPOINT WARNING * * *
The cyan ugly thing shocks you!
You die...

#..# #†# .#
#..###u# .#
#[.....#####
#.(.....u..#
#...##...#.#
#......(...#
#.........##
#...)###u##
#.##÷#..@.#
#.##.#....#
#.[..######
#......'..#
#......#..#
#......#..#
.......
#......#..#
.......
#......#..#
.....
#......####
♣...♣


You could see 3 ugly things.

Vanquished Creatures
  Frances (D:14)
  A minotaur (Gauntlet)
  A fire dragon (D:14)
  A vault guard (D:13)
  A hydra (D:12)
  An ogre mage (D:14)
  A boulder beetle (D:13)
  2 centaur warriors (D:14)
  12 two-headed ogres
  A catoblepas (D:14)
  A tengu warrior (D:14)
  Pikel (D:8)
  A necromancer (Gauntlet)
  A wolf spider (D:13)
  2 deep elf pyromancers (D:14)
  3 manticores
  2 ugly things (D:14)
  4 cyclopes
  A gargoyle (D:12)
  An unseen horror (D:10)
  Joseph (D:8)
  A komodo dragon (D:11)
  A tengu conjurer (D:13)
  3 trolls
  2 meliai (D:12)
  Grinder (D:4)
  A queen bee (D:12)
  18 slime creatures
  4 flying skulls (Gauntlet)
  2 wyverns
  2 wraiths
  2 vampires
  4 yaks (D:10)
  Sigmund (D:5)
  A steam dragon (D:8)
  10 vampire mosquitoes
  3 swamp worms (D:8)
  Menkaure (D:6)
  Edmund (D:6)
  2 acid dragons (D:11)
  2 water moccasins (D:7)
  4 orc warriors
  2 black bears
  2 necrophages
  2 centaurs
  5 wolves (Gauntlet)
  A lemure (D:8)
  2 kobold brigands
  6 bullfrogs
  A water moccasin zombie (D:5)
  A scorpion (D:7)
  A gnoll sergeant (D:8)
  A water moccasin skeleton (D:5)
  28 killer bees
  An electric eel (D:10)
  3 howler monkeys (D:9)
  2 centaur zombies
  A crimson imp (D:5)
  3 bullfrog zombies
  A jelly (D:5)
  2 gnoll shamans
  6 orc priests
  A centaur skeleton (D:4)
  Crazy Yiuf (D:5)
  2 bullfrog skeletons (D:5)
  4 iguanas
  4 orc wizards
  3 howler monkey zombies
  7 adders
  17 gnolls
  A howler monkey skeleton (D:7)
  12 white imps (D:11)
  2 ufetubi (D:6)
  An adder skeleton (D:4)
  51 orcs
  8 ball pythons
  6 bats
  4 endoplasms
  5 giant cockroaches
  6 goblins
  8 hobgoblins
  A jackal (D:4)
  11 kobolds
  5 quokkas
  3 frilled lizards
  5 rats
345 creatures vanquished.

Vanquished Creatures (collateral kills)
  A hydra (D:12)
  An obsidian statue (Gauntlet)
  An ugly thing (D:14)
  A meliai (D:12)
  2 slime creatures (D:12)
  5 killer bees (D:12)
11 creatures vanquished.

Vanquished Creatures (others)
  An orc wizard (D:11)
  A fungus (D:5)
  10 plants
12 creatures vanquished.

Grand Total: 368 creatures vanquished

Notes
Turn   | Place    | Note
-------+----------+-------------------------------------------
     0 | D:1      | Zeld the Minotaur Berserker began the quest for the Orb.
     0 | D:1      | Reached XP level 1. HP: 19/19 MP: 0/0
    29 | D:1      | Found a faded altar of an unknown god.
   348 | D:1      | Reached XP level 2. HP: 18/27 MP: 1/1
  1267 | D:2      | Reached XP level 3. HP: 33/33 MP: 2/2
  1331 | D:2      | Reached ** piety under Trog
  1929 | D:3      | You fall into a shaft and drop 3 floors!
  1977 | D:5      | Entered Level 5 of the Dungeon
  1989 | D:5      | Found a blossoming altar of Fedhas.
  1989 | D:5      | Noticed a necrophage
  2013 | D:5      | Killed a necrophage
  2014 | D:5      | Reached skill level 5 in Axes
  2014 | D:5      | Reached XP level 4. HP: 19/41 MP: 3/3
  2106 | D:5      | Reached skill level 5 in Fighting
  2106 | D:5      | Reached XP level 5. HP: 24/48 MP: 4/4
  2356 | D:5      | Noticed Sigmund
  2378 | D:5      | Killed Sigmund
  2379 | D:5      | Reached XP level 6. HP: 48/57 MP: 5/5
  2780 | D:4      | HP: 3/85 [bullfrog (5)]
  2783 | D:4      | Reached XP level 7. HP: 2/63 MP: 6/6
  2783 | D:4      | HP: 1/94 [poisoned by an adder]
  3846 | D:3      | Found an ancient bone altar of Kikubaaqudgha.
  3851 | D:3      | Found an ornate altar of the Wu Jian Council.
  3851 | D:3      | Found a glowing silver altar of Zin.
  3861 | D:3      | Found a white marble altar of Elyvilon.
  3864 | D:3      | Found a shimmering blue altar of Sif Muna.
  4113 | D:3      | Found Kuoring's Book Emporium.
  4422 | D:4      | Found a staircase to the Ecumenical Temple.
  4436 | D:4      | Reached *** piety under Trog
  4446 | D:4      | Identified the +11 whip "Ogre's Curse" {vamp, rElec Str+4
                  | Int+4}
  4507 | Temple   | Entered the Ecumenical Temple
  5050 | D:4      | Noticed Grinder
  5053 | D:4      | Paralysed by Grinder for 4 turns
  5066 | D:4      | Killed Grinder
  5174 | D:4      | Reached XP level 8. HP: 71/73 MP: 7/7
  5352 | D:5      | Found a burning altar of Makhleb.
  5358 | D:5      | Reached skill level 5 in Armour
  5479 | D:5      | Identified the +4 spear of Qalufis {distort, rC+ Str+3
                  | Stlth-}
  5928 | D:5      | Found a runed translucent door.
  5929 | D:5      | Noticed Crazy Yiuf
  5933 | D:5      | Killed Crazy Yiuf
  5934 | D:5      | Reached skill level 5 in Dodging
  5991 | D:6      | Noticed Edmund
  5998 | D:6      | Killed Edmund
  6519 | D:6      | Noticed Menkaure
  6526 | D:6      | Killed Menkaure
  7142 | D:7      | Reached XP level 9. HP: 52/83 MP: 8/8
  7144 | D:7      | Reached **** piety under Trog
  7313 | D:7      | Identified the +2 ring mail of Marbles {rElec}
  7530 | D:7      | Found an opulent altar of Gozag.
  7908 | D:7      | Found Kacorum's Book Shop.
  8477 | D:8      | Found a stormy altar of Qazlal.
  8527 | D:8      | Reached skill level 10 in Fighting
  8527 | D:8      | Reached skill level 10 in Axes
  8662 | D:8      | Noticed a centaur warrior
  8662 | D:8      | Noticed a centaur warrior
  8663 | D:8      | Noticed a white ugly thing
  8663 | D:8      | Found a runed translucent door.
  8665 | D:8      | Noticed an ogre mage
  8665 | D:8      | Noticed a manticore
  8665 | D:8      | Noticed a deep elf pyromancer
  8665 | D:8      | Noticed a wolf spider
  8682 | D:8      | Noticed Pikel
  8698 | D:8      | Killed Pikel
  9192 | D:8      | Reached XP level 10. HP: 82/94 MP: 9/9
  9194 | D:8      | Identified the +8 spear of the Dark Horse {holy, rElec rF++
                  | Dex-5 Stlth+}
  9913 | D:9      | Found a broken altar of Ashenzari.
 10034 | D:9      | Noticed a two-headed ogre
 10040 | D:9      | Killed a two-headed ogre
 10856 | D:8      | Noticed Joseph
 11505 | D:8      | Killed Joseph
 11866 | D:10     | Entered Level 10 of the Dungeon
 12281 | D:10     | Noticed a two-headed ogre
 12287 | D:10     | Killed a two-headed ogre
 12288 | D:10     | Found a glowing golden altar of the Shining One.
 12449 | D:10     | Reached XP level 11. HP: 104/104 MP: 10/10
 12565 | D:10     | Noticed a two-headed ogre
 12572 | D:10     | Killed a two-headed ogre
 12689 | D:10     | Identified the amulet of the Burgomaster {Faith -Tele
                  | Regen+ Str-3 Int+10}
 13118 | D:11     | Noticed a two-headed ogre
 13129 | D:11     | Killed a two-headed ogre
 13210 | D:11     | Found a gate leading to a gauntlet.
 13214 | D:11     | Found a frozen archway.
 13218 | Gauntlet | Entered a Gauntlet
 13218 | Gauntlet | Found a transporter.
 13231 | Gauntlet | Noticed a necromancer
 13355 | Gauntlet | Found a transporter.
 13370 | Gauntlet | Found a transporter.
 13375 | Gauntlet | Found a transporter.
 13378 | Gauntlet | Noticed a glowing orange brain
 13383 | Gauntlet | Noticed a green ugly thing
 13385 | Gauntlet | Noticed a brown ugly thing
 13396 | Gauntlet | Found a transporter.
 13409 | Gauntlet | Found a transporter.
 13421 | Gauntlet | Found a transporter.
 13429 | Gauntlet | Found a large runed translucent door.
 13430 | Gauntlet | Found a large runed translucent door.
 13431 | Gauntlet | Found a large runed translucent door.
 13431 | Gauntlet | Found a large runed translucent door.
 13432 | Gauntlet | Found a runed translucent gate.
 13433 | Gauntlet | Found a transporter.
 13433 | Gauntlet | Found a runed translucent gate.
 13433 | Gauntlet | Noticed an obsidian statue
 13434 | Gauntlet | Found a runed translucent gate.
 13435 | Gauntlet | Found a large runed translucent door.
 13435 | Gauntlet | Found a large runed translucent door.
 13436 | Gauntlet | Found a large runed translucent door.
 13437 | Gauntlet | Found a large runed translucent door.
 13442 | Gauntlet | Found a transporter.
 13453 | Gauntlet | Noticed a green ugly thing
 13454 | Gauntlet | Noticed a large abomination
 13457 | Gauntlet | Found a transporter.
 13458 | Gauntlet | Noticed a great orb of eyes
 13474 | Gauntlet | Found a transporter.
 13492 | Gauntlet | Found a transporter.
 13494 | Gauntlet | Found a transporter.
 13519 | Gauntlet | Found a transporter.
 13521 | Gauntlet | Found a transporter.
 13541 | Gauntlet | Found a transporter.
 13568 | Gauntlet | Noticed a ghost crab
 13619 | Gauntlet | Found a transporter.
 13635 | Gauntlet | Found a large runed translucent door.
 13635 | Gauntlet | Found a large runed translucent door.
 13635 | Gauntlet | Found a runed translucent door.
 13635 | Gauntlet | Found a runed translucent door.
 13636 | Gauntlet | Found a large runed translucent door.
 13637 | Gauntlet | Found a large runed translucent door.
 13639 | Gauntlet | Found a transporter.
 13655 | Gauntlet | Found a large runed translucent door.
 13655 | Gauntlet | Found a large runed translucent door.
 13656 | Gauntlet | Found a large runed translucent door.
 13657 | Gauntlet | Found a large runed translucent door.
 14000 | Gauntlet | Killed a necromancer
 14589 | Gauntlet | Killed an obsidian statue
 14776 | Gauntlet | Identified the ring of Yxup {rElec rPois Str-3 Int+3}
 14776 | Gauntlet | Noticed a minotaur
 14784 | Gauntlet | Killed a minotaur
 14950 | Gauntlet | Identified the ring "Opleorukk" {Fire *Corrode Str+6}
 15301 | D:11     | Identified the +4 rapier of Vaum {freeze, +Blink rPois rN+
                  | Dex+8}
 15820 | D:11     | Found a staircase to the Lair.
 16582 | D:12     | Found a staircase to the Orcish Mines.
 16595 | D:12     | Reached XP level 12. HP: 59/117 MP: 11/11
 16889 | D:12     | Reached skill level 10 in Armour
 17061 | D:12     | Noticed an eight-headed hydra
 17064 | D:12     | Noticed a two-headed ogre
 17066 | D:12     | Killed a nine-headed hydra
 17074 | D:12     | Killed a two-headed ogre
 18062 | D:13     | Identified the ring "Jyompoob" {rF+ Will- EV+4 Str+3
                  | Slay+5}
 18136 | D:13     | Noticed a boulder beetle
 18154 | D:13     | Killed a boulder beetle
 18810 | D:13     | Reached skill level 15 in Axes
 18934 | D:13     | Reached skill level 15 in Fighting
 19248 | D:13     | Noticed an eight-headed hydra
 19250 | D:13     | Noticed a two-headed ogre
 19253 | D:13     | Noticed a vault guard
 19271 | D:12     | Killed an 11-headed hydra
 19488 | D:13     | Killed a two-headed ogre
 19489 | D:13     | Reached skill level 10 in Dodging
 19527 | D:13     | Killed a vault guard
 19746 | D:13     | Found a gate to the Vaults.
 20069 | D:14     | Found Coumuamie's Jewellery Shop.
 20260 | D:14     | Noticed a tengu warrior
 20269 | D:14     | Killed a tengu warrior
 20400 | D:14     | Noticed a centaur warrior
 20412 | D:14     | Noticed Frances
 20415 | D:14     | Killed a centaur warrior
 20416 | D:14     | Reached XP level 13. HP: 69/127 MP: 12/12
 20425 | D:14     | Killed Frances
 21792 | D:14     | Noticed a fire dragon
 21799 | D:14     | HP: 7/195 [cyan ugly thing (14)]
 21801 | D:14     | Killed a fire dragon
 21819 | D:14     | Mangled by a cyan ugly thing

Illustrated notes

Levels and vault maps discovered:
D:1:      heliophobic_arrival_ceremonial_halls, layout_basic,
          hellmonk_ecumenical_altar_crossroads, minivault_23,
          hangedman_decor_clover_reticule, serial_bayou_pond_a,
          minmay_misc_feat_more_columns, grunt_decor_junction,
          patterned_corridor
D:2:      layout_basic
D:3:      cheibrodos_pilgrimage, layout_rooms, minmay_overflow_temple_star_hex,
          serial_shops, shop
D:4:      layout_rooms, temple_doors_e, serial_bayou_pond_c,
          minmay_pentomino_pile, uniq_grinder
D:5:      layout_loops_cross, mainiacjoe_overflow_concentric_impassable,
          makhleb_grotto_becter, kennysheep_generic_room_13,
          uniq_crazy_yiuf_cottage, uniq_sigmund
D:6:      layout_cave_pools, uniq_edmund, uniq_menkaure
D:7:      layout_basic, nicolae_gozag_seed_capital, serial_shops,
          kennysheep_little_box, minmay_crossroads
D:8:      minmay_gate_of_8, layout_loops_cross,
          nicolae_qazlal_general_emergency, chequers_serial_rivers_micro_a,
          worms_lemuel, uniq_joseph, uniq_pikel
D:9:      layout_basic, evilmike_ruin_ashenzari
D:10:     layout_basic, overflow_temple_1_default, hangedman_decor_riveting,
          minmay_misc_feat_doors
D:11:     layout_loops_ring, david_lair_shrubbed, portal_ice_cave_entry_imps,
          gauntlet_entry_generic
D:12:     layout_roguey [special_room_bee], david_orc_5
D:13:     layout_stronghold, david_vaults_5
D:14:     layout_stronghold, serial_shops, shop, serial_rivers,
          chequers_serial_rivers_small_3, chequers_serial_rivers_micro_c,
          chequers_serial_rivers_micro_c, chequers_serial_rivers_micro_e,
          fedhas_altar_fruit_tree, uniq_frances
Temple:   minmay_temple_curvy_loop

Skill      XL: |  1  2  3  4  5  6  7  8  9 10 11 12 13 |
---------------+----------------------------------------+-----
Axes           | 4 5 6 7 9 10 12 14 15 16 | 16.5
Fighting       | 4 5 6 7 9 10 12 14 15 16 | 16.5
Armour         | 3 4 6 7 8 9 11 | 11.8
Dodging        | 3 4 5 6 7 9 10 | 10.9

Action                   |  1- 3 |  4- 6 |  7- 9 | 10-12 | 13-15 || total
-------------------------+-------+-------+-------+-------+-------++-------
Melee: Hand axe          |    74 |    43 |    58 |    19 |       ||   194
       Headbutt          |    15 |     6 |    45 |    86 |    19 ||   171
       Punch             |     1 |     1 |     4 |    11 |     1 ||    18
       Whip              |       |       |   237 |   150 |       ||   387
       Unarmed           |       |       |       |     5 |       ||     5
       Broad axe         |       |       |       |   280 |    82 ||   362
Invok: Berserk           |       |     2 |     6 |    12 |     1 ||    21
       Brothers in Arms  |       |       |       |     5 |     1 ||     6
       Trog's Hand       |       |       |       |     1 |       ||     1
Evoke: Wand              |       |       |       |     2 |       ||     2
  Use: Scroll            |       |       |       |    18 |     2 ||    20
       Potion            |       |       |       |     1 |       ||     1
 Stab: Sleeping          |     1 |       |       |     1 |       ||     2
       Distracted        |       |       |       |     1 |       ||     1
Armor: Animal skin       |    14 |     5 |    61 |     8 |       ||    88
       Plate armour      |       |       |       |   288 |    44 ||   332
Dodge: Dodged            |    43 |    28 |   195 |   262 |    37 ||   565
